 Dungeon Crawl Stone Soup version 0.16-a0-4099-g0be755f (webtiles) character file.

504 McCoppin the Cudgeler (level 6, 0/47 HPs)
             Began as a Mummy Fighter on Feb 25, 2015.
             Was an Initiate of Gozag.
             Killed from afar by Blork the orc (7 damage)
             ... with a puff of flame
             ... on level 4 of the Dungeon.
             The game lasted 00:18:37 (5763 turns).

McCoppin the Cudgeler (Mummy Fighter)               Turns: 5763, Time: 00:18:37

Health: 0/47       AC: 14    Str: 21    XL:     6   Next: 96%
Magic:  6/6        EV:  5    Int:  7    God:    Gozag
Gold:   496        SH:  9    Dex: 11    Spells: 0 memorised, 5 levels left

rFire  x . .     SeeInvis .     r - +0 whip
rCold  + + .     Clarity  .     m - +0 chain mail
rNeg   + + +     SustAb   .     c - +0 shield
rPois  ∞         Gourm    .     l - +0 helmet
rElec  .         Spirit   .     (no cloak)
rCorr  .         Warding  .     (no gloves)
rMut   .         Stasis   .     (no boots)
MR     .....                    (no amulet)
Stlth  ..........               n - +5 ring of protection
                                e - ring of protection from cold

@: not resistant to hostile enchantments, extremely unstealthy
A: no food or potions, fire vulnerability, restore body, cold resistance 1,
negative energy resistance 3, poison resistance, torment resistance, unbreathing
a: Potion Petition, Call Merchant, Bribe Branch, Renounce Religion


You were on level 4 of the Dungeon.
You worshipped Gozag.
Gozag was noncommittal.
You were not hungry.

You visited 1 branch of the dungeon, and saw 5 of its levels.

You collected 577 gold pieces.
You paid 81 gold pieces to Gozag.

Inventory:

Hand weapons
 a - a +0 flail
 r - a +0 whip (weapon)
Armour
 b - a +0 scale mail
 c - a +0 shield (worn)
 l - a +0 helmet (worn)
 m - a +0 chain mail (worn)
Jewellery
 e - a ring of protection from cold (left hand)
 n - a +5 ring of protection (right hand)
 q - a +2 ring of intelligence
Magical devices
 o - a wand of digging (24)
Scrolls
 d - a scroll of recharging
 f - a scroll of magic mapping
 h - 2 scrolls of identify
 i - a scroll of teleportation {unknown}
 j - a scroll of immolation {unknown}
 k - a scroll of noise {unknown}
 s - 2 scrolls of enchant weapon {unknown}
 t - a scroll of remove curse
Books
 g - a Fen Folio

   Spells                             Type                      Level
   a - Corpse Rot                     Necromancy                   2
   b - Stone Arrow                    Conjuration/Earth            3
   c - Leda's Liquefaction            Hexes/Earth                  4
   d - Summon Forest                  Summoning/Translocation      5
   e - Hydra Form                     Transmutation                6
   f - Summon Hydra                   Summoning                    7


   Skills:
 - Level 3.0 Fighting
 * Level 5.8 Maces & Flails
 - Level 2.4 Armour
 - Level 2.0 Dodging
 - Level 2.4 Shields


You had 5 spell levels left.
You didn't know any spells.

Dungeon Overview and Level Annotations

Branches:
Dungeon (5/15)             Temple (0/1) D:4

Altars:
Fedhas
Gozag
Ru
The Shining One

Annotations:
D:4 Blork the orc; Sigmund; dysrexia's ghost, experienced HOGl


Innate Abilities, Weirdness & Mutations

You do not eat or drink.
Your flesh is vulnerable to fire.
Your flesh is cold resistant.
You are immune to negative energy.
Your system is resistant to poisons.
You are immune to unholy pain and torment.
You can survive without breathing.


Message History

The puff of flame hits you! The fire burns you terribly!
* * * LOW HITPOINT WARNING * * *
You closely miss Blork the orc.
Blork the orc is almost dead.
Blork the orc points at you and mumbles some strange words.
The puff of flame hits you!
You closely miss Blork the orc.
Blork the orc is almost dead.
You block Blork the orc's attack.
You barely miss Blork the orc.
Blork the orc is almost dead.
You hit Blork the orc.
Blork the orc is almost dead.
Blork the orc hits you but does no damage.
You hit Blork the orc but do no damage.
Blork the orc is almost dead.
Blork the orc points at you and mumbles some strange words.
The puff of flame hits you! The fire burns you terribly!
You die...
Your body crumbles into a pile of gold.

##...####W<.......#
....... ##.......##
#####.# ##.....##
#... ##...## #..
##'## #.. #.# #.#
#.# # #.# #.... #@#
..s### #o# ....#
#s#########....#.#
#...s...........#
#############.....
#


You could see Blork the orc and a giant cockroach.

Vanquished Creatures
  A phantom (D:4)
  A crimson imp (D:5)
  A giant frog zombie (D:5)
  An iguana (D:4)
  An orc wizard (D:3)
  4 worker ants
  A hound skeleton (D:4)
  7 adders
  4 worms
  7 giant geckos
  An ooze (D:2)
  6 orcs
  A ball python (D:4)
  5 bats
  6 giant cockroaches
  7 hobgoblins
  5 jackals
  3 quokkas (D:2)
  4 giant newts
  12 goblins
  A jackal skeleton (D:4)
  8 kobolds
  13 rats
100 creatures vanquished.

Vanquished Creatures (others)
  A giant gecko (D:4)
  A jackal (D:4)
  A rat (D:4)
3 creatures vanquished.

Grand Total: 103 creatures vanquished

Notes
Turn   | Place    | Note
--------------------------------------------------------------
     0 | D:1      | McCoppin, the Mummy Fighter, began the quest for the Orb.
     0 | D:1      | Reached XP level 1. HP: 18/18 MP: 1/1
   242 | D:1      | Reached XP level 2. HP: 21/24 MP: 2/2
   957 | D:2      | Reached XP level 3. HP: 3/29 MP: 3/3
  1460 | D:2      | Reached skill level 1 in Dodging
  1511 | D:2      | Found an opulent altar of Gozag.
  1568 | D:2      | Became a worshipper of Gozag Ym Sagoz the Greedy
  1809 | D:2      | Reached XP level 4. HP: 31/35 MP: 4/4
  1976 | D:2      | Found a blossoming altar of Fedhas.
  1976 | D:2      | Found a glowing golden altar of the Shining One.
  2451 | D:3      | Found a sacrificial altar of Ru.
  2957 | D:4      | Reached XP level 5. HP: 35/41 MP: 5/5
  3335 | D:4      | Noticed a phantom
  3357 | D:4      | Reached skill level 4 in Maces & Flails
  3386 | D:4      | Noticed dysrexia's ghost (experienced HOGl)
  3560 | D:3      | Reached XP level 6. HP: 20/47 MP: 6/6
  3741 | D:4      | Noticed Sigmund
  4265 | D:4      | Found a staircase to the Ecumenical Temple.
  4479 | D:4      | Killed a phantom
  4479 | D:4      | Reached skill level 5 in Maces & Flails
  4729 | D:5      | Entered Level 5 of the Dungeon
  5686 | D:4      | Noticed Blork the orc
  5763 | D:4      | Killed from afar by Blork the orc

Action                   |  1- 3 |  4- 6 || total
-------------------------+-------+-------++-------
Melee: Flail             |   161 |   158 ||   319
       Whip              |       |   551 ||   551
  Use: Scroll            |       |     7 ||     7
